 Dungeon Crawl Stone Soup version bcrawl-1.34.4 (webtiles) character file.

Game seed: 5489769894132249853

297080 KristoblXynda the Covert (level 10, -2/66 HPs)
             Began as a Kobold Rogue on Oct 23, 2021.
             Was a Follower of Ashenzari.
             Slain by an eight-headed hydra (6 damage)
             ... on level 8 of the Dungeon.
             The game lasted 00:17:49 (8635 turns).

KristoblXynda the Covert (Kobold Rogue)             Turns: 8635, Time: 00:17:49

Health: -2/66      AC:  7    Str: 11    XL:     10   Next: 87%
Magic:  15/15      EV: 20    Int: 14    God:    Ashenzari [*.....]
Gold:   421        SH:  0    Dex: 16    Spells: 9/9 levels left

rFire    . . .     SeeInvis +   q - +3 dagger
rCold    . . .     Gourm    .   (shield restricted)
rNeg     . . .     Faith    .   y - +0 troll leather armour
rPois    .         Spirit   .   b - +1 helmet
rElec    .         Reflect  .   d - +0 cloak
rCorr    .         Harm     .   (no gloves)
MR       .....                  (no boots)
Stlth    +++++.....             c - amulet of Vision {SInv *Curse} (curse)
HPRegen  0.61/turn              (no ring)
MPRegen  0.14/turn              (no ring)

@: studying Ice Magic
A: small, talons 1, carnivore, mutation resistance 1, sense surroundings 2
a: Curse Item, Scrying, Renounce Religion


You were on level 8 of the Dungeon.
You worshipped Ashenzari.
Ashenzari was aware of your devotion.
You were completely stuffed.

You visited 2 branches of the dungeon, and saw 9 of its levels.

You collected 581 gold pieces.
You spent 160 gold pieces at shops.

Inventory:

Hand Weapons
 a - a +2 dagger
 q - a +3 dagger (weapon)
Armour
 b - a +1 helmet (worn)
 d - a +0 cloak (worn)
 x - the +0 scale mail of the Morning {*Contam rElec rCorr Dex+3 Stlth+}
   (You found it on level 7 of the Dungeon)

   It affects your dexterity (+3).
   It insulates you from electricity.
   It causes magical contamination when unequipped.
   It provides partial protection from all sources of acid and corrosion.
   It makes you more stealthy.
 y - a +0 troll leather armour (worn)
Jewellery
 c - the cursed amulet of Vision (around neck) {SInv *Curse}
   (You found it on level 2 of the Dungeon)

   [amulet of nothing]

   It lets you see invisible.
   It curses itself when equipped.
   It has a curse placed upon it.
Wands
 u - a wand of acid (3)
Scrolls
 f - 3 scrolls of fog
 l - 9 scrolls of teleportation
 n - 2 scrolls of enchant weapon
 o - 2 scrolls of remove curse
 t - a scroll of magic mapping
 v - 2 scrolls of immolation
Potions
 g - a potion of heal wounds {unknown}
 h - 2 potions of flight
 j - a potion of agility {unknown}
 k - a potion of lignification
 m - a potion of curing
 r - 2 potions of cancellation
 s - a potion of mutation
 z - a potion of haste
 A - a potion of ambrosia {unknown}
Comestibles
 e - 14 rations {!d}
 p - a chunk of flesh


   Skills:
 - Level 5.0 Fighting
 + Level 10.2 Short Blades
 + Level 2.8 Armour
 + Level 9.0 Dodging
 + Level 12.0 Stealth
 + Level 7.4 Evocations


You had 9 spell levels left.
You didn't know any spells.
Your spell library was empty.

Dungeon Overview and Level Annotations

Branches:
Dungeon (8/12)             Temple (1/1) D:6
   Lair: D:7-9          Orc: D:8-11

Altars:
Ashenzari
Cheibriados
Dithmenos
Elyvilon
Fedhas
Gozag
Kikubaaqudgha
Lugonu
Makhleb
Nemelex Xobeh
Okawaru
Qazlal
Ru
Sif Muna
Trog
Uskayaw
Vehumet
Wu Jian
Xom
Yredelemnul
Zin
The Shining One

Shops:
D:6 =   D:7 }

Annotations:
D:8 2 transporters, pheathergobbo575's ghost, novice EnBe


Innate Abilities, Weirdness & Mutations

You are small and have problems with some larger weapons.
You have sharp toenails.
You are carnivorous and can eat meat at any time.
You are somewhat resistant to further mutation.
You passively map the area around you.


Message History

* * * LOW HITPOINT WARNING * * *
The eight-headed hydra bites you but does no damage. x2
The eight-headed hydra bites you!
* * * LOW HITPOINT WARNING * * *
The eight-headed hydra closely misses you.
No path to travel!
Things that are here:
a +0 leather armour; an orc corpse An orc comes into view.
The orc shouts!
Things that are here:
a cursed -1 dagger; a +0 robe The orc hits you.
* * * LOW HITPOINT WARNING * * *
You hear a grinding noise.
The eight-headed hydra is no longer covered in acid.
The orc completely misses you.
The eight-headed hydra closely misses you.
The eight-headed hydra bites you.
You die...

......##.....9W##...####
.......#########..#....#
...................[...#
.....##.##..##.#####...#
...... .##.#..## ###...#
......#.#....## #.)...#
.............#####.#(..#
,, ............D.....##
,,,
,.#..###....@o..)...#
.........##........# ,
....####.###.......# ,
.* , #.# #.......# *..#
#.......# , ,,
.##*#.......# , . ,, ,..
.........# . , * , ,
..#.......# .#, *,* ,
.####.....#


You could see an eight-headed hydra and an orc.

Vanquished Creatures
  Pikel (D:6)
  A centaur zombie (D:8)
  A kobold demonologist (D:8)
  A troll (D:7)
  2 hippogriffs (D:6)
  Sigmund (D:4)
  A wraith (D:8)
  Menkaure (D:6)
  An orc warrior (D:8)
  2 sky beasts
  A black bear (D:6)
  4 ice beasts
  2 slaves (D:6)
  A necrophage (D:7)
  A phantom (D:8)
  5 ogres
  A centaur (D:5)
  A bullfrog (D:7)
  A wyvern zombie (D:8)
  2 scorpions
  7 orc priests
  4 crimson imps
  2 bullfrog skeletons
  4 hounds
  A jelly (D:7)
  A centaur skeleton (D:6)
  Crazy Yiuf (D:4)
  Ijyb (D:5)
  4 iguanas
  3 orc wizards
  5 worker ants
  A hound zombie (D:5)
  Robin (D:3)
  A howler monkey zombie (D:6)
  A worker ant zombie (D:7)
  A howler monkey skeleton (D:7)
  3 gnolls (D:6)
  10 adders
  A shadow imp (D:6)
  An ooze (D:5)
  An adder zombie (D:8)
  7 worms
  2 dart slugs (D:1)
  5 leopard geckos
  13 orcs
  A ball python (D:1)
  A giant cockroach (D:1)
  21 goblins
  13 hobgoblins
  17 jackals
  12 kobolds
  4 quokkas
  9 bats
  9 frilled lizards
  A jackal skeleton (D:4)
  10 rats
  A spectral orc (D:8)
211 creatures vanquished.

Vanquished Creatures (others)
  A gnoll sergeant (D:6)
  A gnoll (D:6)
2 creatures vanquished.

Grand Total: 213 creatures vanquished

Notes
Turn   | Place    | Note
-------+----------+-------------------------------------------
     0 | D:1      | KristoblXynda the Kobold Rogue began the quest for the Orb.
     0 | D:1      | Reached XP level 1. HP: 14/14 MP: 2/2
   191 | D:1      | Reached skill level 6 in Stealth
   191 | D:1      | Reached XP level 2. HP: 19/19 MP: 3/3
   311 | D:1      | Reached skill level 1 in Dodging
   596 | D:1      | Reached XP level 3. HP: 24/24 MP: 5/5
  1326 | D:2      | Reached XP level 4. HP: 29/29 MP: 6/6
  1742 | D:2      | Found a sparkling altar of Nemelex Xobeh.
  2033 | D:2      | Found a shattered altar of Ashenzari.
  2100 | D:2      | Became a worshipper of Ashenzari the Shackled
  2101 | D:2      | Found the cursed amulet of Vision {SInv *Curse}
  2523 | D:3      | Noticed an ogre
  2555 | D:3      | Killed an ogre
  2556 | D:3      | Reached skill level 7 in Stealth
  2556 | D:3      | Reached XP level 5. HP: 25/34 MP: 7/7
  2823 | D:3      | Reached XP level 6. HP: 39/39 MP: 7/9
  2881 | D:4      | Noticed a sky beast
  3646 | D:4      | Noticed an ice beast
  3748 | D:4      | Reached skill level 5 in Short Blades
  3785 | D:4      | Reached XP level 7. HP: 34/45 MP: 10/10
  3949 | D:4      | Noticed Robin
  3987 | D:3      | Killed Robin
  4140 | D:4      | Reached skill level 8 in Stealth
  4140 | D:4      | Reached skill level 5 in Evocations
  4281 | D:4      | Reached XP level 8. HP: 46/50 MP: 10/12
  4395 | D:4      | Found a radiant altar of Vehumet.
  4474 | D:4      | Noticed Sigmund
  4493 | D:4      | Killed Sigmund
  4494 | D:4      | Reached skill level 5 in Dodging
  4746 | D:4      | Found a runed door.
  4837 | D:4      | Noticed Crazy Yiuf
  4846 | D:4      | Killed Crazy Yiuf
  4892 | D:5      | Entered Level 5 of the Dungeon
  4941 | D:5      | Reached skill level 9 in Stealth
  5069 | D:5      | Noticed Ijyb
  5076 | D:5      | Killed Ijyb
  5632 | D:6      | Reached XP level 9. HP: 47/54 MP: 13/13
  5940 | D:6      | Noticed Menkaure
  5954 | D:6      | Killed Menkaure
  5984 | D:6      | Reached skill level 10 in Stealth
  5984 | D:6      | Found Iriwic's Jewellery Emporium.
  6258 | D:6      | Noticed Pikel
  6371 | D:6      | Killed Pikel
  6543 | D:6      | Noticed a hippogriff
  6565 | D:6      | Killed a hippogriff
  6566 | D:6      | Reached skill level 11 in Stealth
  6687 | D:6      | Noticed a hippogriff
  6812 | D:6      | Killed a hippogriff
  6970 | D:6      | Found a staircase to the Ecumenical Temple.
  6977 | D:6      | Reached XP level 10. HP: 63/63 MP: 14/14
  6981 | Temple   | Entered the Ecumenical Temple
  7155 | D:7      | Found Uhaujig's Gadget Shop.
  7178 | D:7      | Bought a wand of acid (7) for 160 gold pieces
  7453 | D:7      | Got the uncursed scale mail of the Morning {*Contam rElec
                  | rCorr Dex+3 Stlth+}
  7559 | D:7      | Reached skill level 1 in Armour
  7676 | D:7      | Found an ornate altar of the Wu Jian Council.
  7989 | D:8      | Found an iron altar of Okawaru.
  8029 | D:8      | Reached * piety under Ashenzari
  8034 | D:8      | Noticed a kobold demonologist
  8067 | D:8      | Noticed a smoke demon
  8073 | D:8      | Killed a kobold demonologist
  8149 | D:8      | Found a shimmering blue altar of Sif Muna.
  8170 | D:8      | Found a basalt altar of Yredelemnul.
  8300 | D:8      | Reached skill level 10 in Short Blades
  8330 | D:8      | Found a transporter.
  8345 | D:8      | Noticed a cyclops
  8354 | D:8      | Noticed pheathergobbo575's ghost (novice EnBe)
  8356 | D:8      | Noticed a gargoyle
  8372 | D:8      | Found a transporter.
  8466 | D:8      | Reached skill level 5 in Fighting
  8466 | D:8      | Reached skill level 12 in Stealth
  8536 | D:8      | Noticed an eight-headed hydra
  8627 | D:8      | HP: 3/66 [eight-headed hydra (12)]
  8633 | D:8      | HP: 3/66 [orc (3)]
  8635 | D:8      | Slain by an eight-headed hydra

Skill      XL: |  1  2  3  4  5  6  7  8  9 10 |
---------------+-------------------------------+-----
Stealth        | 6 7 8 9 11 12 | 12.0
Short Blades   | 3 4 5 6 7 9 10 | 10.2
Dodging        | 1 2 3 4 6 8 9 |  9.0
Evocations     | 3 4 5 6 7 |  7.4
Fighting       | 3 5 |  5.0
Armour         | 2 |  2.8

Action                   |  1- 3 |  4- 6 |  7- 9 | 10-12 || total
-------------------------+-------+-------+-------+-------++-------
Melee: Dagger            |    91 |   184 |   533 |   328 ||  1136
       Kick              |    18 |    41 |   125 |   107 ||   291
 Fire: Blowgun           |    15 |     6 |       |       ||    21
Evoke: Wand              |       |     3 |     8 |     8 ||    19
  Use: Scroll            |       |     6 |     3 |     6 ||    15
       Potion            |       |       |     4 |       ||     4
 Stab: Sleeping          |     8 |    16 |     8 |     7 ||    39
  Eat: Chunk             |     3 |    16 |    20 |    12 ||    51
Armor: Robe              |    17 |    30 |    16 |       ||    63
       Leather armour    |       |       |    43 |     6 ||    49
       Skin              |       |       |    26 |       ||    26
       Troll leather arm |       |       |       |    21 ||    21
Dodge: Dodged            |    56 |    97 |   298 |   163 ||   614
